 Dungeon Crawl Stone Soup version 0.26-a0-639-g72c4674329 (webtiles) character file.

Game seed: 15346698676447142588

269 PentaManta the Chopper (level 6, -1/47 HPs)
             Began as a Formicid Abyssal Knight on Sept 19, 2020.
             Was a Believer of Lugonu.
             Killed by divine providence
             ... invoked by an orc priest
              (10 damage)
             ... on level 4 of the Dungeon.
             The game lasted 00:06:27 (3135 turns).

PentaManta the Chopper (Formicid Abyssal Knight)    Turns: 3135, Time: 00:06:27

Health: -1/47      AC: 10    Str: 19    XL:     6   Next: 46%
Magic:  7/7        EV: 11    Int: 11    God:    Lugonu [**....]
Gold:   113        SH:  0    Dex: 10    Spells: 5/5 levels left

rFire    . . .     SeeInvis +   s - +0 war axe
rCold    . . .     Faith    .   (no shield)
rNeg     . . .     Spirit   .   l - +0 chain mail
rPois    .         Reflect  .   (helmet unavailable)
rElec    .         Harm     .   (no cloak)
rCorr    .         Rampage  .   (no gloves)
MR       .....                  c - +1 pair of boots
Stlth    ..........             (no amulet)
HPRegen  0.15/turn              h - +4 ring of evasion
MPRegen  0.10/turn              (no ring)

@: no status effects
A: permanent stasis, dig shafts and tunnels, four strong arms, antennae 3
a: Dig, Shaft Self, Depart the Abyss, Bend Space, Renounce Religion


You were on level 4 of the Dungeon.
You worshipped Lugonu.
Lugonu was pleased with you.
You visited 1 branch of the dungeon, and saw 4 of its levels.
You visited the Abyss 1 time.

You collected 113 gold pieces.

Inventory:

Hand Weapons
 a - a +1 hand axe
 j - a +1 vorpal hunting sling
 o - a +2 hunting sling of freezing
 s - a +0 war axe (weapon)
Missiles
 e - 30 poisoned darts (quivered)
 q - 42 stones
Armour
 b - a +0 leather armour
 c - a +1 pair of boots (worn)
 l - a +0 chain mail (worn)
Jewellery
 h - a +4 ring of evasion (left hand)
Scrolls
 d - 2 scrolls of identify
 m - 2 scrolls of magic mapping {unknown}
Potions
 f - a potion of haste
 g - 2 potions of mutation {unknown}
 i - a potion of might
 k - a potion of brilliance {unknown}
 n - a potion of cancellation {unknown}
 p - a potion of flight {unknown}


   Skills:
 - Level 3.2 Fighting
 + Level 6.3 Axes
 - Level 2.1 Armour
 - Level 0.8 Dodging
 - Level 2.1 Invocations


You had 5 spell levels left.
You didn't know any spells.
Your spell library was empty.

Dungeon Overview and Level Annotations

Branches:
Dungeon (4/15)
 Temple: D:4-7

Altars:


Innate Abilities, Weirdness & Mutations

You cannot be hasted, slowed, berserked, paralysed or teleported.
You can dig through walls and to a lower floor.
Your four strong arms can wield two-handed weapons with a shield.
You have a pair of large antennae on your head. (SInv)


Message History

You barely miss the orc priest.
The orc priest is heavily wounded.
The orc priest closely misses you.
You hit the orc priest but do no damage.
The orc priest is heavily wounded.
The orc priest hits you with a +0 flail.
* * * LOW HITPOINT WARNING * * *
You slash the orc priest!
The orc priest is severely wounded.
The orc priest hits you with a +0 flail.
* * * LOW HITPOINT WARNING * * *
Your chain mail prevents you from hitting the orc priest.
The orc priest is severely wounded.
The orc priest looks braver for a moment.
The orc priest hits you but does no damage.
You hit the orc priest but do no damage.
The orc priest is severely wounded.
The orc priest invokes the aid of Beogh against you.
Beogh smites you!
You die...

#.... . ##.... .....
.. #..... ....#
...#....# #...#
........## ##...#
.........###....####..
........<.##.........
.....#.....#.)o).# ###
##.......@# ##......##
#....### ?..#...#
#....... ####.....
###.... ##..


You could see an orc priest.

Vanquished Creatures
  A howler monkey (D:2)
  An orc wizard (D:4)
  Terence (D:3)
  4 gnolls
  5 adders
  An ooze (D:1)
  A worm (D:2)
  2 dart slugs
  A leopard gecko (D:2)
  11 orcs
  A ball python (D:1)
  5 giant cockroaches
  5 goblins
  5 hobgoblins
  6 jackals
  7 kobolds
  A quokka (D:4)
  8 bats
  2 frilled lizards
  3 rats (D:2)
71 creatures vanquished.

Notes
Turn   | Place    | Note
-------+----------+-------------------------------------------
     0 | Abyss:1  | PentaManta the Formicid Abyssal Knight began the quest for
                  | the Orb.
     0 | Abyss:1  | Reached XP level 1. HP: 18/18 MP: 2/2
     0 | Abyss:1  | Found a corrupted altar of Lugonu.
    20 | Abyss:1  | Found a corrupted altar of Lugonu.
    40 | Abyss:1  | Noticed a large abomination
    45 | Abyss:1  | Noticed a large abomination
    62 | Abyss:2  | Noticed a smoke demon
    64 | D:1      | Escaped the Abyss
   560 | D:1      | Reached XP level 2. HP: 14/24 MP: 3/3
   714 | D:1      | Reached * piety under Lugonu
   759 | D:1      | Reached skill level 3 in Axes
   911 | D:1      | Reached XP level 3. HP: 29/29 MP: 4/4
  1495 | D:2      | Reached skill level 4 in Axes
  1495 | D:2      | Reached XP level 4. HP: 35/35 MP: 5/5
  1691 | D:2      | Reached XP level 5. HP: 29/41 MP: 6/6
  1769 | D:2      | Reached ** piety under Lugonu
  2099 | D:3      | Reached skill level 5 in Axes
  2755 | D:3      | Reached XP level 6. HP: 47/47 MP: 7/7
  2766 | D:3      | Noticed Terence
  2784 | D:3      | Killed Terence
  2784 | D:3      | Reached skill level 6 in Axes
  3135 | D:4      | Killed from afar by an orc priest

Illustrated notes

Levels and vault maps discovered:
D:1:      kennysheep_arrival_forest, layout_rooms,
          chequers_serial_rivers_micro_e, lemuel_another_geyser
D:2:      layout_loops_ring
D:3:      layout_rooms, uniq_terence
D:4:      layout_layer_cave, uniq_ijyb, uniq_sigmund, uniq_pikel

Skill      XL: |  1  2  3  4  5  6 |
---------------+-------------------+-----
Axes           | 3 4 5 6 |  6.3
Fighting       | |  3.2
Armour         | |  2.1
Dodging        | |  0.8
Invocations    | |  2.1

Action                   |  1- 3 |  4- 6 || total
-------------------------+-------+-------++-------
Melee: Hand axe          |    76 |    76 ||   152
       Flail             |       |    69 ||    69
       War axe           |       |    29 ||    29
Throw: Dart              |     2 |       ||     2
Invok: Depart the Abyss  |     1 |       ||     1
 Abil: Dig               |     3 |       ||     3
  Use: Scroll            |     4 |     3 ||     7
       Potion            |     1 |       ||     1
Armor: Leather armour    |    33 |     8 ||    41
       Chain mail        |       |    79 ||    79
Dodge: Dodged            |    84 |   133 ||   217

Table legend: (Time is in decaauts)
 A = Elapsed time spent in this place.
 B = Non-inter-level travel time spent in this place.
 C = Inter-level travel time spent in this place.
 D = Time resting spent in this place.
 E = Time spent auto-exploring this place.
 F = Levels seen in this place.
 G = Mean time per level.
                   A        B        C        D        E       F      G
               +--------+--------+--------+--------+--------+-----+--------+
         Total |   3182 |   3098 |     84 |    435 |   1908 |   6 |  530.3 |
       Dungeon |   3118 |   3034 |     84 |    435 |   1908 |   4 |  779.5 |
         Abyss |     63 |     63 |      0 |      0 |      0 |   2 |   31.5 |
               +--------+--------+--------+--------+--------+-----+--------+

Top non-repeatable levels by time:
     D:1: 1139 daAuts
     D:2: 903 daAuts
     D:3: 682 daAuts
     D:4: 393 daAuts
 Abyss:1: 57 daAuts
 Abyss:2: 6 daAuts
